 Dungeon Crawl Stone Soup version 0.17-a0-688-g21a41e9 (webtiles) character file.

65 2ustice the Chopper (level 3, 0/29 HPs)
             Began as a Demonspawn Berserker on Apr 19, 2015.
             Slain by a black bear (6 damage)
             ... created by the rage of Trog
             ... on level 2 of the Dungeon.
             The game lasted 00:04:23 (1680 turns).

2ustice the Chopper (Demonspawn Berserker)          Turns: 1680, Time: 00:04:23

Health: 0/29       AC:  8    Str: 16 (18) XL:     3   Next: 92%
Magic:  5/5        EV:  9    Int:  8      God:
Gold:   135        SH:  0    Dex: 12      Spells: 0 memorised, 4 levels left

rFire  . . .     SeeInvis .     a - +0 hand axe
rCold  + . .     Clarity  .     j - +0 chain mail
rNeg   . . .     SustAb   .     (no shield)
rPois  .         Gourm    .     (no helmet)
rElec  .         Spirit   .     (no cloak)
rCorr  .         Warding  .     (no gloves)
rMut   .         Stasis   .     (no boots)
MR     .....                    (no amulet)
Stlth  ..........               (no ring)
                                (no ring)

@: not resistant to hostile enchantments, extremely unstealthy
A: repulsion field 1, cold resistance 1
a: no special abilities


You were on level 2 of the Dungeon.
You were hungry.

You visited 1 branch of the dungeon, and saw 2 of its levels.

You collected 135 gold pieces.

Inventory:

Hand weapons
 a - a +0 hand axe (weapon)
Armour
 j - a +0 chain mail (worn)
Scrolls
 b - 2 scrolls of random uselessness {unknown}
 d - a scroll of noise {unknown}
 e - 3 scrolls of identify {unknown}
 f - a scroll of fog {unknown}
 i - a scroll of teleportation {unknown}
Potions
 g - a potion of restore abilities {unknown}
 h - a potion of invisibility {unknown}
 l - a potion of cancellation {unknown}
Comestibles
 c - 3 bread rations
 k - a royal jelly


   Skills:
 - Level 3.0 Fighting
 + Level 3.1 Axes
 + Level 2.3 Armour
 + Level 2.5 Dodging
 + Level 1.4 Spellcasting


You had 4 spell levels left.
You didn't know any spells.

Dungeon Overview and Level Annotations

Branches:
Dungeon (2/15)

Altars:


Innate Abilities, Weirdness & Mutations

You are surrounded by a mild repulsion field (EV +2).
Your flesh is cold resistant.


Message History

The goblin hits you but does no damage.
You hear an angry growl.
You bump into the rock wall.
The polar bear completely misses you.
The polar bear claws you but does no damage.
The polar bear barely misses you. The goblin barely misses you.
The polar bear bites you! The polar bear completely misses you.
The polar bear closely misses you. The polar bear bites you!
The polar bear claws you but does no damage.
The polar bear claws you.
You feel less confused.
The polar bear rages.
The polar bear closely misses you.
The polar bear claws you but does no damage.
The polar bear claws you.
* * * LOW HITPOINT WARNING * * *
The polar bear bites you.
* * * LOW HITPOINT WARNING * * *
The polar bear claws you but does no damage. x2
The black bear misses you. The black bear claws you.
You die...

#.# #.# .########.#
#.........#########
.###.........%....###
#.###...#.%....... #
#....h..###.##.
#.###..hhh.#
#......!@g##
######.#### #.. #+#


You could see 2 polar bears, 2 black bears and a goblin.

Vanquished Creatures
  An adder (D:2)
  3 worms (D:2)
  3 giant geckos (D:1)
  3 bats (D:1)
  4 goblins (D:1)
  10 hobgoblins (D:1)
  4 jackals (D:1)
  2 giant newts (D:1)
  7 kobolds
  3 rats
40 creatures vanquished.

Notes
Turn   | Place    | Note
--------------------------------------------------------------
     0 | D:1      | 2ustice, the Demonspawn Berserker, began the quest for the Orb.
     0 | D:1      | Reached XP level 1. HP: 18/18 MP: 1/1
     0 | D:1      | Noticed an ice dragon
     0 | D:1      | Fell from the grace of Trog
     1 | D:1      | Noticed a green draconian
     2 | D:1      | Noticed a tentacled monstrosity
     4 | D:1      | Noticed a tentacled monstrosity
     4 | D:1      | Noticed an iron dragon
     7 | D:1      | Noticed a tentacled monstrosity
     8 | D:1      | Noticed an orb of fire
     9 | D:1      | Noticed an ice dragon
    11 | D:1      | Noticed a large abomination
    13 | D:1      | Noticed a large abomination
    13 | D:1      | Noticed a large abomination
    14 | D:1      | Noticed a large abomination
    15 | D:1      | Noticed a large abomination
    17 | D:1      | Noticed a shadow dragon
    17 | D:1      | Noticed a tentacled monstrosity
    20 | D:1      | Noticed a shadow dragon
   331 | D:1      | Gained mutation: You are surrounded by a mild repulsion field (EV +2). [demonic ancestry]
   331 | D:1      | Reached XP level 2. HP: 18/24 MP: 2/2
   510 | D:1      | Gained mutation: Your flesh is cold resistant. [demonic ancestry]
   510 | D:1      | Reached XP level 3. HP: 10/29 MP: 4/4
   764 | D:1      | Reached skill level 1 in Spellcasting
  1675 | D:2      | Noticed a polar bear
  1675 | D:2      | Noticed a black bear
  1675 | D:2      | Noticed a polar bear
  1675 | D:2      | Noticed a black bear
  1680 | D:2      | Slain by a black bear

Action                   || total
-------------------------++-------
Melee: Hand axe          ||   147
Invok: Renounce Religion ||     1
  Eat: Chunk             ||     2
